 Dungeon Crawl Stone Soup version 0.29.1-1-gd02db6906a (webtiles) character file.

Game seed: 12867936988325148288

2046 Ashen the Chiller (level 9, 0/66 (70) HPs)
             Began as a Demonspawn Ice Elementalist on Sept 15, 2022.
             Was a Follower of Vehumet.
             Slain by a wight
             ... wielding a +1 battleaxe of freezing
              (4 damage)
             ... on level 6 of the Dungeon.
             The game lasted 00:11:14 (7298 turns).

Ashen the Chiller (Demonspawn Ice Elementalist)     Turns: 7298, Time: 00:11:15

HP:   0/66 (70)     AC: 10    Str:  9    XL:     9   Next: 4%
MP:   10/16         EV: 14    Int: 20    God:    Vehumet [*.....]
Gold: 298           SH:  0    Dex: 14    Spells: 7/18 levels left

rFire   . . .      SeeInvis +   l - +1 dagger (elec)
rCold   . . .      Faith    .   (no shield)
rNeg    . . .      Spirit   .   a - +0 robe
rPois   .          Reflect  .   (no helmet)
rElec   .          Harm     .   (no cloak)
rCorr   .          Rampage  .   (no gloves)
Will    .....                   (no boots)
Stlth   +++.......              (no amulet)
HPRegen 0.21/turn               d - +4 ring of slaying
MPRegen 0.15/turn               h - ring of see invisible

@: ice-armoured, drained
A: claws 1, rugged brown scales 1, demonic magic 1
a: Renounce Religion


You were on level 6 of the Dungeon.
You worshipped Vehumet.
Vehumet was aware of your devotion.
You visited 2 branches of the dungeon, and saw 8 of its levels.

You collected 298 gold pieces.

Inventory:

Hand Weapons
 i - a +3 whip
 l - a +1 dagger of electrocution (weapon)
 t - a +0 whip of flaming
 z - a +2 whip of draining
 E - a +0 demon trident of flaming
Armour
 a - a +0 robe (worn)
 c - a +0 buckler
 A - +0 steam dragon scales
Jewellery
 d - a +4 ring of slaying (left claw)
 h - a ring of see invisible (right claw)
 p - a ring of protection from cold
 x - a +6 ring of intelligence
 F - an amulet of the acrobat
Scrolls
 k - 6 scrolls of teleportation {unknown}
 n - a scroll of poison {unknown}
 o - a scroll of silence {unknown}
 q - a scroll of torment {unknown}
 u - a scroll of butterflies {unknown}
 v - a scroll of blinking {unknown}
 w - a scroll of fear {unknown}
 y - 2 scrolls of identify {unknown}
 C - a scroll of immolation {unknown}
 G - a scroll of enchant weapon {unknown}
Potions
 b - 2 potions of magic
 e - a potion of mutation {unknown}
 f - 3 potions of ambrosia {unknown}
 g - a potion of berserk rage {unknown}
 j - 7 potions of curing {unknown}
 m - a potion of resistance {unknown}
 r - 2 potions of degeneration {unknown}
 s - a potion of invisibility {unknown}
 B - a potion of lignification {unknown}
 D - a potion of cancellation {unknown}


   Skills:
 + Level 5.0 Fighting
 + Level 5.0 Dodging
 - Level 5.0 Stealth
 + Level 5.2 Spellcasting
 + Level 2.1 Conjurations
 + Level 6.0 Ice Magic


You had 7 spell levels left.
You knew the following spells:

 Your Spells              Type           Power      Damage    Failure   Level
a - Freeze                Ice            100%       1d11      1%          1
b - Frozen Ramparts       Ice            58%        1d9       2%          3
c - Ozocubu's Armour      Ice            29%        N/A       2%          3
d - Hailstorm             Conj/Ice       21%        3d6       21%         4

Your spell library contained the following spells:

 Spells                   Type           Power      Damage    Failure   Level
 Sandblast                Erth           10%        2d5       12%         1
 Magic Dart               Conj           52%        1d5       4%          1
 Call Imp                 Summ           5%         N/A       17%         2
 Mephitic Cloud           Conj/Pois/Air  8%         N/A       26%         3
 Gell's Gravitas          Tloc           5%         N/A       34%         3
 Lesser Beckoning         Tloc           5%         N/A       34%         3
 Teleport Other           Tloc           5%         N/A       34%         3


Dungeon Overview and Level Annotations

Branches:
Dungeon (7/15)             Temple (1/1) D:4

Altars:
Ashenzari
Cheibriados
Dithmenos
Fedhas
Gozag
Hepliaklqana
Kikubaaqudgha
Nemelex Xobeh
Okawaru
Qazlal
Ru
Sif Muna
Trog
Uskayaw
Vehumet
Wu Jian
Xom
Yredelemnul

Shops:
D:1 :


Innate Abilities, Weirdness & Mutations

You have sharp fingernails.
You are partially covered in rugged brown scales. (AC +1, +3% HP)
Spells you cast may paralyse adjacent enemies.


Message History

You feel drained. The wight freezes you.
The helpless wight fails to defend itself.
You puncture the wight!
You destroy the wight!
Vehumet accepts your kill. The wight misses you.
The wight hits you with a +1 battleaxe of freezing!
You feel drained. The wight freezes you.
Your Fighting skill increases to level 5!
You have reached level 9!
Your experience leads to an increase in your attributes!
Increase (S)trength, (I)ntelligence, or (D)exterity?
You feel clever. x2
Your icy armour will break if you move.
Continue? [Y]es or [N]o only, please.
Your icy armour will break if you move.
Continue? [Y]es or [N]o only, please.
Your icy armour will break if you move.
Continue?
Your icy armour cracks and falls away as you move.
The wight attacks as you move away! The wight hits you with a +0 scimitar!
* * * LOW HITPOINT WARNING * * *
You feel drained.
* * * LOW HITPOINT WARNING * * *
Casting: Ozocubu's Armour (dangerous; 3% risk of failure)
Confirm with . or Enter, or press ? or * to list all spells.
A film of ice covers your body! Malevolent energies surge around you.
The wight suddenly stops moving!
The helpless wight fails to defend itself.
You puncture the wight!
The wight is almost destroyed.
The helpless wight fails to defend itself.
You puncture the wight!
You destroy the wight!
Vehumet accepts your kill.
You hit the wight but do no damage.
The wight is almost destroyed.
The wight hits you with a +1 battleaxe of freezing!
* * * LOW HITPOINT WARNING * * *
The wight freezes you.
You die...

### ### # ...
..# .# #.##.##.#
#.......##
#...)...# #.##
#..# ###########
# ##z# #
.........#
#.##@##.#
#.......#
#.......#
#.......#
####.####
#.......# ###.#
###.......#
#...#
..........#
#.###
###.......# #.#
######.#######.#
.####.......##.#


You could see a wight.

Vanquished Creatures
  Pikel (D:4)
  A steam dragon (D:7)
  A water moccasin (D:5)
  A lemure (D:4)
  A phantom (D:5)
  2 wights (D:6)
  8 howler monkeys (D:7)
  An orc priest (D:3)
  3 gnoll boudas
  5 hounds
  Terence (D:2)
  3 iguanas
  3 orc wizards
  17 gnolls
  11 adders
  4 white imps
  An ufetubus (D:5)
  6 dart slugs
  A worm (D:4)
  11 orcs
  11 ball pythons
  8 bats
  15 endoplasms
  3 giant cockroaches
  10 hobgoblins
  3 jackals
  7 quokkas
  3 frilled lizards
  10 goblins
  12 kobolds
  6 rats
170 creatures vanquished.

Vanquished Creatures (others)
  An orc (D:7)
1 creature vanquished.

Grand Total: 171 creatures vanquished

Notes
Turn   | Place    | Note
-------+----------+-------------------------------------------
     0 | D:1      | Ashen the Demonspawn Ice Elementalist began the quest for
                  | the Orb.
     0 | D:1      | Reached XP level 1. HP: 13/13 MP: 3/3
   305 | D:1      | Found Yptimp's Vocational Training.
   315 | D:1      | Gained mutation: You have sharp fingernails. [demonic
                  | ancestry]
   315 | D:1      | Reached XP level 2. HP: 15/20 MP: 3/5
  1128 | D:1      | Found a faded altar of an unknown god.
  1248 | D:1      | Reached skill level 1 in Fighting
  1323 | D:1      | Gained mutation: You are partially covered in rugged brown
                  | scales. (AC +1, +3% HP) [demonic ancestry]
  1323 | D:1      | Reached XP level 3. HP: 20/26 MP: 6/6
  2252 | D:2      | Reached XP level 4. HP: 32/32 MP: 7/7
  2280 | D:2      | Reached skill level 4 in Ice Magic
  2374 | D:2      | Noticed Terence
  2680 | D:2      | Killed Terence
  2745 | D:2      | Learned a level 3 spell: Frozen Ramparts
  2749 | D:2      | Learned a level 3 spell: Ozocubu's Armour
  3231 | D:3      | Gained mutation: Spells you cast may paralyse adjacent
                  | enemies. [demonic ancestry]
  3231 | D:3      | Reached XP level 5. HP: 36/39 MP: 9/9
  3531 | D:4      | Reached XP level 6. HP: 19/46 MP: 1/10
  4108 | D:4      | Noticed Pikel
  4122 | D:4      | Killed Pikel
  4123 | D:4      | Reached skill level 5 in Ice Magic
  4123 | D:4      | Reached XP level 7. HP: 31/53 MP: 2/13
  4313 | D:4      | Found a staircase to the Ecumenical Temple.
  4323 | Temple   | Entered the Ecumenical Temple
  4331 | Temple   | Became a worshipper of Vehumet
  4517 | D:5      | Entered Level 5 of the Dungeon
  4884 | D:5      | Reached XP level 8. HP: 58/61 MP: 8/14
  5497 | D:5      | You fall into a shaft and drop 2 floors!
  5589 | D:7      | Reached * piety under Vehumet
  5589 | D:7      | Offered knowledge of Sandblast by Vehumet.
  5704 | D:7      | Learned a level 4 spell: Hailstorm
  5961 | D:7      | Found a snail-covered altar of Cheibriados.
  5992 | D:7      | Reached skill level 5 in Stealth
  5995 | D:7      | Reached skill level 1 in Conjurations
  6332 | D:7      | Reached skill level 5 in Spellcasting
  6914 | D:6      | Reached skill level 5 in Dodging
  7144 | D:6      | Reached skill level 6 in Ice Magic
  7292 | D:6      | Reached skill level 5 in Fighting
  7292 | D:6      | Reached XP level 9. HP: 32/67 MP: 12/16
  7298 | D:6      | Slain by a wight

Illustrated notes

Levels and vault maps discovered:
D:1:      reono_arrival_mine, layout_basic,
          hellmonk_ecumenical_altar_crossroads, nicolae_shop_vocational
D:2:      layout_loops_ring, uniq_terence
D:3:      layout_basic, st_stairs_9
D:4:      layout_rooms, minmay_temple_entry_fiery, kennysheep_generic_room_8,
          uniq_pikel
D:5:      layout_basic
D:6:      layout_loops_cross, mainiacjoe_overflow_alcove_1
D:7:      layout_basic, mainiacjoe_overflow_catwalk_spiral
Temple:   nicolae_temple_no_exploring_needed

Skill      XL: |  1  2  3  4  5  6  7  8 |
---------------+-------------------------+-----
Stealth        | 2 3 4 5 |  5.0
Dodging        | 2 3 4 5 |  5.0
Fighting       | 1 2 3 5 |  5.0
Ice Magic      | 4 5 6 |  6.0
Spellcasting   | 3 4 5 |  5.2
Conjurations   | 2 |  2.1

Action                   |  1- 3 |  4- 6 |  7- 9 || total
-------------------------+-------+-------+-------++-------
Melee: Short sword       |    25 |       |       ||    25
       Unarmed           |     1 |       |       ||     1
       Whip              |    32 |    13 |       ||    45
       Punch             |     2 |       |       ||     2
       Dagger            |       |   114 |   107 ||   221
 Cast: Freeze            |    32 |    22 |    28 ||    82
       Frozen Ramparts   |       |     3 |     6 ||     9
       Ozocubu's Armour  |       |     2 |    12 ||    14
 Stab: Sleeping          |     9 |    10 |     9 ||    28
       Distracted        |     1 |       |       ||     1
       Paralysed         |       |    12 |    12 ||    24
Armor: Robe              |    19 |    12 |    30 ||    61
Dodge: Dodged            |    41 |    84 |    75 ||   200
